 Dungeon Crawl Stone Soup version 0.30-b1-2-g02819fbbbe (webtiles) character file.

Game seed: 14177885824354533992

53 LLlMATKO the Chopper (level 3, -4/46 (49) HPs)
             Began as a Minotaur Berserker on Aug 25, 2023.
             Was a Follower of Trog.
             Slain by a gnoll
             ... wielding a +0 club
              (6 damage)
             ... on level 2 of the Dungeon.
             The game lasted 00:00:37 (810 turns).

LLlMATKO the Chopper (Minotaur Berserker)            Turns: 810, Time: 00:00:38

HP:   -4/46 (49)    AC:  2    Str: 23    XL:     3   Next: 64%
MP:   2/2           EV: 12    Int:  4    God:    Trog [*.....]
Gold: 63            SH:  0    Dex:  9    Spells: 2/2 levels left

rFire   . . .        k - +0 war axe
rCold   . . .        (no shield)
rNeg    . . .        b - +0 animal skin
rPois   .            (helmet restricted)
rElec   .            (no cloak)
rCorr   .            (no gloves)
SInv    .            (no boots)
Will    .....        (no amulet) Stlth
                     (no ring)
HPRegen 0.27/turn    (no ring)
MPRegen 0.08/turn

%: no passive effects
@: berserking, drained, very quick
A: horns 2, retaliatory headbutt
a: Renounce Religion, Berserk


You were on level 2 of the Dungeon.
You worshipped Trog.
Trog was aware of your devotion.
You visited 1 branch of the dungeon, and saw 2 of its levels.

You collected 63 gold pieces.

Inventory:

Hand Weapons
 a - a +0 hand axe
 k - a +0 war axe (weapon)
Armour
 b - a +0 animal skin (worn)
Scrolls
 c - a scroll of identify {unknown}
 e - a scroll of poison {unknown}
 g - a scroll of enchant armour {unknown}
 h - a scroll of magic mapping {unknown}
 l - a scroll of blinking {unknown}
 m - a scroll of fog {unknown}
Potions
 d - a potion of brilliance {unknown}
 f - a potion of might {unknown}
 i - a potion of lignification {unknown}
 j - 2 potions of haste {unknown}


   Skills:
 + Level 4.2 Fighting
 + Level 4.2 Axes
 + Level 3.2 Armour
 + Level 2.9 Dodging


You had 2 spell levels left.
You didn't know any spells.
Your spell library was empty.

Dungeon Overview and Level Annotations

Branches:
Dungeon (2/15)

Altars:


Innate Abilities, Weirdness & Mutations

You have a pair of horns on your head.
You reflexively headbutt those who attack you in melee.


Message History

A hobgoblin comes into view.
You closely miss the gnoll.
The gnoll is lightly wounded.
The hobgoblin shouts!
The gnoll barely misses you.
You slash the gnoll!
The gnoll is almost dead.
You closely miss the gnoll. The gnoll barely misses you.
The gnoll hits you with a +0 whip. x2; The gnoll barely misses you.
A hobgoblin comes into view.
You barely miss the gnoll. Your headbutt misses the gnoll.
The gnoll is almost dead.
You closely miss the gnoll. The gnoll closely misses you.
The gnoll hits you with a +0 whip!
Unknown command.
A red film seems to cover your vision as you go berserk!
You feel yourself moving faster!
You feel mighty! The gnoll hits you with a +0 club.
The gnoll hits you but does no damage. The gnoll hits you with a +0 whip.
* * * LOW HITPOINT WARNING * * *
You slash the gnoll!
The gnoll is heavily wounded.
You closely miss the gnoll. You slash the gnoll!
You kill the gnoll!
Trog accepts your kill. The gnoll hits you with a +0 whip.
* * * LOW HITPOINT WARNING * * *
The gnoll hits you from afar with a +0 spear!
* * * LOW HITPOINT WARNING * * *
You hit the gnoll.
The gnoll is severely wounded.
You hit the hobgoblin.
You kill the hobgoblin!
Trog accepts your kill.
You closely miss the gnoll.
Unknown command.
You barely miss the gnoll.
The gnoll is severely wounded.
You slash the gnoll! The gnoll hits you with a +0 club.
You die...

#.##.##.# #...#
#....)..## #...#
##........# #...# ##
...... #..# #...####.#
#....##..####...#...#
##...g.#.............#
.<.....g.............# #
......g@.............##.
......g..###.#.....#.#..
.....#.### #.......##.#.
..#.... #......)...<. .
#.##. #.......####. ..
.. #.......# . .. ..
#.......# . . #.#
##....>.# . #. ##.#####
.


You could see 3 gnolls and a hobgoblin.

Vanquished Creatures
  A gnoll (D:2)
  An adder (D:2)
  2 dart slugs (D:1)
  4 ball pythons (D:1)
  5 endoplasms
  A giant cockroach (D:1)
  2 goblins (D:1)
  4 hobgoblins
  2 jackals (D:1)
  3 kobolds
  A quokka (D:2)
  2 bats
28 creatures vanquished.

Notes
Turn   | Place    | Note
-------+----------+-------------------------------------------
     0 | D:1      | LLlMATKO the Minotaur Berserker began the quest for the
                  | Orb.
     0 | D:1      | Reached XP level 1. HP: 19/19 MP: 0/0
    92 | D:1      | Reached XP level 2. HP: 19/27 MP: 1/1
   686 | D:1      | Reached XP level 3. HP: 29/29 MP: 2/2
   808 | D:2      | HP: 1/45 [gnoll/+0 spear (8)]
   810 | D:2      | Slain by a gnoll

Illustrated notes

Levels and vault maps discovered:
D:1:      minmay_arrival_diagonal_passages, layout_loops_ring, st_stairs_6
D:2:      layout_loops_cross, basic_altar, minmay_misc_feat_five

Skill      XL: |  1  2 |
---------------+-------+-----
Fighting       | 4 |  4.2
Axes           | 4 |  4.2
Armour         | 3 |  3.2
Dodging        | |  2.9

Action                     || total
---------------------------++-------
  Melee: Hand axe          ||    25
         Headbutt          ||     7
         War axe           ||    34
 Invoke: Berserk           ||     1
   Stab: Sleeping          ||     1
 Armour: Animal skin       ||     8
  Dodge: Dodged            ||    34
